 Dungeon Crawl Stone Soup version 0.31-a0-232-gb1c03b2570 (webtiles) character file.

Game seed: 3119269925092995162

130 qw the Shooter (level 4, 0/36 HPs)
             Began as a Minotaur Hexslinger on July 7, 2023.
             Slain by a gnoll sergeant
             ... wielding a +0 spear
              (7 damage)
             ... on level 4 of the Dungeon.
             The game lasted 00:00:56 (2109 turns).

qw the Shooter (Minotaur Hexslinger)                Turns: 2109, Time: 00:00:57

Health: 0/36       AC:  7    Str: 12    XL:     4   Next: 90%
Magic:  4/4        EV: 11    Int: 10    God:
Gold:   70         SH:  0    Dex: 15    Spells: 4/5 levels left

rFire   + . .        Y - +3 sling
rCold   . . .        (no shield)
rNeg    . . .        e - +0 ring mail
rPois   .            (helmet restricted)
rElec   .            b - +0 cloak
rCorr   .            (no gloves)
SInv    .            l - +0 pair of boots
Will    .....        (no amulet)
Stlth   +            k - ring of protection from fire
HPRegen 0.26/turn    (no ring)
MPRegen 0.09/turn

%: no passive effects
@: about to teleport
A: horns 2, retaliatory headbutt
a: no special abilities


You were on level 4 of the Dungeon.
You visited 1 branch of the dungeon, and saw 4 of its levels.

You collected 239 gold pieces.
You spent 169 gold pieces at shops.


Innate Abilities, Weirdness & Mutations

You have a pair of horns on your head.
You reflexively headbutt those who attack you in melee.


   Skills:
 + Level 2.0 Fighting
 - Level 5.3 Ranged Weapons
 - Level 1.0 Armour
 - Level 2.1 Dodging
 - Level 1.0 Spellcasting
 - Level 2.0 Hexes


You had 4 spell levels left.
You knew the following spells:

 Your Spells              Type           Power      Damage    Failure   Level
a - Slow                  Hex            16%        N/A       34%         1

Your spell library contained the following spells:

 Spells                   Type           Power      Damage    Failure   Level
 Inner Flame              Hex/Fire       2%         N/A       83%         3
 Portal Projectile        Hex/Tloc       4%         N/A       83%         3
 Cause Fear               Hex            2%         N/A       98%         4

Inventory:

Hand Weapons
 Y - a +3 sling (weapon)
Armour
 b - a +0 cloak (worn)
 e - a +0 ring mail (worn)
 l - a +0 pair of boots (worn)
Jewellery
 k - a ring of protection from fire (left hand)
Wands
 n - a wand of digging (6)
Scrolls
 g - a scroll of identify
Potions
 c - a potion of invisibility {unknown}
 d - a potion of degeneration {unknown}
 f - a potion of mutation {unknown}
 h - a potion of might {unknown}
 i - a potion of resistance {unknown}
 m - a potion of heal wounds {unknown}

Dungeon Overview and Level Annotations

Branches:
Dungeon (4/15)
 Temple: D:4-7

Altars:

Shops:
D:3 *:[(*


Message History

There is a stone staircase leading up here.
You now have 70 gold pieces (gained 19).
You open the door.
There is an open door here.
As you open the door, it creaks loudly!
You hear a shout! x2
A gnoll sergeant comes into view. It is wielding a +0 spear.
There is an open door here.
Enter note:
Enter note:
Enter note:
Enter note: You shoot a sling bullet.
The sling bullet hits the gnoll sergeant but does no damage.
You shoot a sling bullet.
The sling bullet hits the gnoll sergeant.
The gnoll sergeant is lightly wounded.
A giant cockroach comes into view.
The gnoll sergeant hits you from afar with a +0 spear!
You shoot a sling bullet.
The sling bullet barely misses the gnoll sergeant.
The gnoll sergeant hits you from afar with a +0 spear!
You shoot a sling bullet.
The sling bullet hits the gnoll sergeant.
The gnoll sergeant is moderately wounded.
The gnoll sergeant hits you from afar with a +0 spear!
You shoot a sling bullet.
The sling bullet hits the gnoll sergeant but does no damage.
The gnoll sergeant is moderately wounded.
The gnoll sergeant closely misses you.
A kobold comes into view. It is wielding a +0 dagger.
You shoot a sling bullet.
The sling bullet hits the gnoll sergeant.
The gnoll sergeant is moderately wounded.
The gnoll sergeant hits you from afar with a +0 spear. x2
2109 ||| READING scroll of teleportation.
As you read the scroll of teleportation, it crumbles to dust.
You feel strangely unstable. The giant cockroach barely misses you.
The giant cockroach bites you.
The gnoll sergeant hits you from afar with a +0 spear!
You die...

#### ...# ##.# .#.# .#.#
#######
.#.##############......#
................@B......
.#'##############......#
........# .g....#
........# ....K..
........#### ...###.
...<.......# ..#.
#.......##.# .###.
........##.# #. #.
#.......##.#


You could see a gnoll sergeant, a giant cockroach and a kobold.

Vanquished Creatures
  A hound (D:4)
  4 adders (D:2)
  3 worms
  A dart slug (D:3)
  An orc (D:2)
  5 ball pythons
  6 bats
  4 endoplasms
  2 giant cockroaches
  5 goblins
  5 hobgoblins
  A jackal (D:1)
  6 kobolds
  A quokka (D:1)
  2 frilled lizards
  6 rats
53 creatures vanquished.

Notes
Turn   | Place    | Note
-------+----------+-------------------------------------------
     0 | D:1      | qw the Minotaur Hexslinger began the quest for the Orb.
     0 | D:1      | Reached XP level 1. HP: 16/16 MP: 1/1
     0 | D:1      | 0 ||| qw: Version: 0.3-a-46-gb1f654a
     0 | D:1      | 0 ||| qw: Game counter: 2313
     0 | D:1      | 0 ||| qw: Melee chars always use a shield: true
     0 | D:1      | 0 ||| qw: God list: Okawaru
     0 | D:1      | 0 ||| qw: Allow faded altars: false
     0 | D:1      | 0 ||| qw: Do Orc after clearing Dungeon:15 true
     0 | D:1      | 0 ||| qw: Do second Lair branch before Depths: true
     0 | D:1      | 0 ||| qw: Lair rune preference: random
     0 | D:1      | 0 ||| qw: Goals: Normal
     0 | D:1      | 0 ||| PLANNING D:1-11
    70 | D:1      | 70 ||| Stepping ~*~*~tactically~*~*~ (outnumbered).
   104 | D:1      | Reached skill level 3 in Ranged Weapons
   111 | D:1      | Reached XP level 2. HP: 23/23 MP: 2/2
   355 | D:1      | Found a faded altar of an unknown god.
   635 | D:1      | 635 ||| UPGRADING to +0 ring mail.
   645 | D:1      | 645 ||| DROPPING +0 robe.
   646 | D:1      | 646 ||| UPGRADING to +0 pair of boots.
   651 | D:1      | 651 ||| UPGRADING to ring of protection from fire.
   652 | D:1      | 652 ||| READING scroll labelled TOZXUDW LELAMI.
   653 | D:1      | 653 ||| READING scroll labelled KAONWI KIGH.
   657 | D:1      | 657 ||| READING scroll labelled BOACUZIAMM.
   658 | D:1      | 658 ||| READING 4 scrolls labelled NATACHURUT.
   659 | D:1      | 659 ||| DRINKING 2 orange potions.
   660 | D:1      | 660 ||| DROPPING scroll of poison.
   661 | D:1      | 661 ||| DROPPING potion of attraction.
   662 | D:1      | 662 ||| DROPPING 3 scrolls of amnesia.
   756 | D:2      | HP: 6/24 [poisoned by an adder]
   758 | D:2      | HP: 2/24 [poisoned by an adder]
   761 | D:2      | Reached XP level 3. HP: 3/29 MP: 3/3
   898 | D:2      | Reached skill level 4 in Ranged Weapons
  1010 | D:2      | Reached skill level 1 in Armour
  1248 | D:2      | Reached XP level 4. HP: 36/36 MP: 4/4
  1303 | D:2      | 1303 ||| UPGRADING to +0 cloak.
  1308 | D:2      | 1308 ||| READING scroll labelled YPPUHO HUOR.
  1309 | D:2      | 1309 ||| READING scroll labelled NUAWNUA HYIXA.
  1323 | D:3      | Noticed a walking crystal tome
  1323 | D:3      | Noticed a walking earthen tome
  1323 | D:3      | Found Kuesenk's Book Emporium.
  1363 | D:3      | 1363 ||| FLEEEEING.
  1364 | D:3      | 1364 ||| STAIRDANCE
  1402 | D:3      | 1402 ||| STAIRDANCE
  1467 | D:3      | 1467 ||| READING scroll labelled YCSIMI JEMA.
  1512 | D:3      | Found Serint's Antique Weapon Boutique.
  1521 | D:3      | Found Dexereu's Armour Boutique.
  1522 | D:3      | Found Tebbeutsoi's Assorted Antiques.
  1529 | D:3      | 1529 ||| READING scroll of enchant weapon.
  1529 | D:3      | 1529 ||| ENCHANTING +2 sling.
  1530 | D:3      | Found Sumicsif's Assorted Antiques.
  1534 | D:3      | 1534 ||| BUYING blackened iron wand (100 gold).
  1534 | D:3      | Bought a blackened iron wand for 100 gold pieces
  1534 | D:3      | 1534 ||| BUYING grey potion (22 gold).
  1534 | D:3      | Bought a grey potion for 22 gold pieces
  1534 | D:3      | 1534 ||| BUYING lumpy blue potion (22 gold).
  1534 | D:3      | Bought a lumpy blue potion for 22 gold pieces
  1534 | D:3      | 1534 ||| BUYING scroll labelled YFIOLE ZUILURGH (25 gold).
  1534 | D:3      | Bought a scroll labelled YFIOLE ZUILURGH for 25 gold pieces
  1534 | D:3      | 1534 ||| SHOPLISTING scroll of teleportation (75 gold, have
                  | 9).
  1546 | D:3      | 1546 ||| SHOPLISTING +2 cloak of willpower (236 gold, have
                  | 9).
  1546 | D:3      | 1546 ||| SHOPLISTING +2 ring mail of cold resistance (231
                  | gold, have 9).
  1546 | D:3      | 1546 ||| SHOPLISTING +2 ring mail of fire resistance (231
                  | gold, have 9).
  1553 | D:3      | 1553 ||| SHOPLISTING coral ring (105 gold, have 9).
  1553 | D:3      | 1553 ||| SHOPLISTING lumpy brown potion (18 gold, have 9).
  1553 | D:3      | 1553 ||| SHOPLISTING murky pink potion (18 gold, have 9).
  1553 | D:3      | 1553 ||| SHOPLISTING scroll of identify (42 gold, have 9).
  1782 | D:3      | 1782 ||| READING scroll labelled YFIOLE ZUILURGH.
  1783 | D:3      | 1783 ||| DRINKING 2 golden potions.
  1808 | D:3      | 1808 ||| DROPPING wand of flame (13).
  1809 | D:3      | 1809 ||| DROPPING potion of lignification.
  1919 | D:4      | Reached skill level 5 in Ranged Weapons
  2102 | D:4      | Noticed a gnoll sergeant
  2108 | D:4      | HP: 7/36 [gnoll sergeant/+0 spear (5)]
  2109 | D:4      | 2109 ||| READING scroll of teleportation.
  2109 | D:4      | Slain by a gnoll sergeant

Levels and vault maps discovered:
D:1:      dpeg_arrival_brainrot, layout_rooms,
          dreamdust_ecumenical_altar_hidden_monk_grotto,
          hangedman_feature_mirror, minmay_ruptured
D:2:      layout_basic, serial_corexii_hall, chequers_hall_statues_wall_a,
          corexii_hall_statues_x, dk_noncrumbling_3
D:3:      layout_rooms, serial_shops, shop, nicolae_shop_crystal,
          nicolae_shop_mannequins, shop, shop_statue, dk_noncrumbling_4
D:4:      layout_basic, kennysheep_okawaru_gauntlet, serial_bayou_pond_e,
          minmay_manual_mail

Skill      XL: |  1  2  3  4 |
---------------+-------------+-----
Ranged Weapons | 3 4 5 |  5.3
Fighting       | 2 |  2.0
Armour         | 1 |  1.0
Dodging        | |  2.1
Spellcasting   | |  1.0
Hexes          | |  2.0

Action                     |  1- 3 |  4- 6 || total
---------------------------+-------+-------++-------
   Fire: Sling             |   120 |    65 ||   185
    Use: Scroll            |     4 |     6 ||    10
         Potion            |     1 |     1 ||     2
 Armour: Robe              |     3 |       ||     3
         Ring mail         |    17 |    15 ||    32
  Dodge: Dodged            |    26 |    14 ||    40

Table legend:
 A = Non-vault XP
 B = Vault XP
 C = Vault XP percentage of total XP
 D = Non-vault monster count
 E = Vault monster count
 F = Vault count percentage of total count
                 A         B        C        D         E       F
            +---------+---------+-------+---------+---------+-------
      Total |     178 |       9 |   4.8 |      48 |       5 |   9.4
            +---------+---------+-------+---------+---------+-------
        D:1 |      24 |       9 |  27.3 |      15 |       5 |  25.0
        D:2 |      78 |       0 |   0.0 |      17 |       0 |   0.0
        D:3 |      28 |       0 |   0.0 |      12 |       0 |   0.0
        D:4 |      48 |       0 |   0.0 |       4 |       0 |   0.0
            +---------+---------+-------+---------+---------+-------
